 Dungeon Crawl Stone Soup version 0.29-a0-473-gacb4ef3bc5 (webtiles) character file.

Game seed: 4909215673092397450

14 Bruhh the Ruffian (level 2, 0/42 HPs)
             Began as an Ogre Transmuter on May 23, 2022.
             Shot with a sling bullet by a goblin (4 damage)
             ... led by Robin
             ... on level 1 of the Dungeon.
             The game lasted 00:01:03 (1019 turns).

Bruhh the Ruffian (Ogre Transmuter)                 Turns: 1019, Time: 00:01:04

Health: 0/42       AC: 21    Str: 13    XL:     2   Next: 45%
Magic:  5/5        EV:  1    Int: 14    God:
Gold:   87         SH:  0    Dex:  9    Spells: 5/6 levels left

rFire   . . .      SeeInvis .     - Unarmed
rCold   . . .      Faith    .   (no shield)
rNeg    . . .      Spirit   .   (body armour currently unavailable)
rPois   +          Reflect  .   (helmet currently unavailable)
rElec   .          Harm     .   (cloak currently unavailable)
rCorr   .          Rampage  .   (gloves unavailable)
Will    .....      NoTele   +   (boots unavailable)
Stlth   +.........              (no amulet)
HPRegen 0.14/turn               (no ring)
MPRegen 0.09/turn               (no ring)

@: tree-form
A: stationary, stasis, torment immunity, boosted hp, large, unfitting armour,
(tough skin 1)
a: no special abilities


You were on level 1 of the Dungeon.
You were a tree.
You visited 1 branch of the dungeon, and saw 2 of its levels.

You collected 87 gold pieces.

Inventory:

Armour
 a - a +0 robe (melded)
Scrolls
 c - a scroll of identify {unknown}
 g - a scroll of enchant weapon {unknown}
 i - a scroll of teleportation {unknown}
Potions
 b - a potion of lignification
 e - a potion of berserk rage {unknown}
 h - a potion of degeneration {unknown}
 j - a potion of might {unknown}


   Skills:
 + Level 2.0 Fighting
 - Level 1.7 Dodging
 + Level 2.9 Unarmed Combat
 + Level 2.7 Spellcasting
 + Level 2.0 Transmutations


You had 5 spell levels left.
You knew the following spells:

 Your Spells              Type           Power      Damage    Failure   Level
a - Beastly Appendage     Tmut           14%        N/A       10%         1

Your spell library contained the following spells:

 Spells                   Type           Power      Damage    Failure   Level
 Wereblood                Tmut           7%         N/A       14%         2
 Spider Form              Tmut/Pois      4%         N/A       41%         3
 Ice Form                 Ice/Tmut       4%         N/A       82%         4


Dungeon Overview and Level Annotations

Branches:
Dungeon (2/15)

Altars:

Shops:
D:1 ?

Annotations:
D:2 Robin


Innate Abilities, Weirdness & Mutations

You are a tree.
Your roots penetrate the ground, keeping you stationary.
You cannot be teleported.
You are immune to unholy pain and torment.
Your maximum health is greatly increased.
Your equipment is partially melded.
You are too large for most types of armour.
((You have tough skin. (AC +1)))


Message History

The sling bullet hits you.
* * * LOW HITPOINT WARNING * * *
The hobgoblin hits you but does no damage.
The goblin hits you with a +0 dagger.
* * * LOW HITPOINT WARNING * * *
The hobgoblin closely misses you. The goblin closely misses you.
Really quaff the potion of lignification?
Uppercase [Y]es or [N]o only, please.
Really quaff the potion of lignification?
You turn into a tree.
Your +0 robe melds into your body.
Your roots penetrate the ground.
The goblin shoots a sling bullet.
The sling bullet hits you but does no damage.
The hobgoblin barely misses you. The goblin hits you but does no damage.
The hobgoblin hits you but does no damage.
The goblin hits you with a +0 club.
* * * LOW HITPOINT WARNING * * *
Okay, then.
You smack the hobgoblin!
You kill the hobgoblin!
The goblin unwields a +0 hunting sling.
The goblin wields a +0 dagger.
The goblin hits you but does no damage. x3
The hobgoblin hits you but does no damage.
You hit the hobgoblin.
You kill the hobgoblin!
The goblin hits you but does no damage. x2
Your Fighting skill increases to level 2!
You barely miss the goblin.
The goblin shoots a sling bullet.
The sling bullet hits you but does no damage.
The goblin hits you but does no damage. x3
Unknown command.
You completely miss the goblin.
The goblin no longer looks unusually strong.
The goblin shoots a sling bullet.
The sling bullet hits you.
* * * LOW HITPOINT WARNING * * *
The goblin hits you but does no damage.
You hit the goblin but do no damage.
The goblin no longer looks unusually strong. x2
The goblin barely misses you. The goblin hits you but does no damage.
The goblin shoots a sling bullet.
The sling bullet hits you.
You die...

#.............######
#......######.######
##......####.........
#....................
#.........##.........
#............#.######
#..........###.# #
#.........## #.#
###..g♣†....# #.#
#.⌠.⌠g.g....# #.#
#..∩..g.....# #.#
#.⌠.⌠.......# #.#
#..........## #.#
#..........# #.#
#..........# #.#
##........## #.#
##.........# #.#


You could see 4 goblins.

Vanquished Creatures
  3 ball pythons (D:1)
  2 goblins (D:1)
  5 hobgoblins (D:1)
  A quokka (D:1)
  A bat (D:1)
12 creatures vanquished.

Notes
Turn   | Place    | Note
-------+----------+-------------------------------------------
     0 | D:1      | Bruhh the Ogre Transmuter began the quest for the Orb.
     0 | D:1      | Reached XP level 1. HP: 19/19 MP: 3/3
    56 | D:1      | Found Fihunt's Magic Scroll Boutique.
   505 | D:1      | Found a faded altar of an unknown god.
   692 | D:1      | Reached XP level 2. HP: 28/28 MP: 3/5
   998 | D:2      | Identified the +0 helmet "Conuugin" {rElec rC- Int+4}
   998 | D:2      | Noticed Robin
  1019 | D:1      | Shot with a sling bullet by a goblin

Illustrated notes

Levels and vault maps discovered:
D:1:      psy_arrival_conway, layout_rooms, serial_shops, shop_fountains,
          ebering_ecumenical_altar_petrified
D:2:      layout_rooms, uniq_robin

Skill      XL: |  1  2 |
---------------+-------+-----
Transmutations | 2 |  2.0
Fighting       | 2 |  2.0
Dodging        | |  1.7
Unarmed Combat | |  2.9
Spellcasting   | |  2.7

Action                   || total
-------------------------++-------
Melee: Unarmed           ||    38
       Headbutt          ||     3
       Kick              ||     4
 Cast: Beastly Appendage ||     9
  Use: Potion            ||     3
Armor: Robe              ||    12
       Skin              ||    15
Dodge: Dodged            ||    31

Table legend: (Time is in decaauts)
 A = Elapsed time spent in this place.
 B = Non-inter-level travel time spent in this place.
 C = Inter-level travel time spent in this place.
 D = Time resting spent in this place.
 E = Time spent auto-exploring this place.
 F = Levels seen in this place.
 G = Mean time per level.
                   A        B        C        D        E       F      G
               +--------+--------+--------+--------+--------+-----+--------+
         Total |   1022 |   1008 |     14 |      0 |    896 |   2 |  511.0 |
       Dungeon |   1022 |   1008 |     14 |      0 |    896 |   2 |  511.0 |
               +--------+--------+--------+--------+--------+-----+--------+

Top non-repeatable levels by time:
     D:1: 1019 daAuts
     D:2: 2 daAuts
